 Dungeon Crawl Stone Soup version 0.24.0-13-gcf9b319 (webtiles) character file.

Game seed: 5685076005138252709, levelgen mode: deterministic

42 Fortress the Shooter (level 3, -9/29 HPs)
             Began as a Centaur Hunter on Jan 3, 2020.
             Mangled by a worm (10 damage)
             ... on level 2 of the Dungeon.
             The game lasted 00:08:08 (1199 turns).

Fortress the Shooter (Centaur Hunter)               Turns: 1199, Time: 00:08:08

Health: -9/29      AC:  4    Str: 15    XL:     3   Next: 35%
Magic:  3/3        EV:  9    Int: 10    God:
Gold:   44         SH:  0    Dex:  9    Spells: 2/2 levels left

rFire    . . .     SeeInvis .   a - +1 shortbow
rCold    . . .     Gourm    .   (shield currently unavailable)
rNeg     . . .     Faith    .   c - +0 leather armour
rPois    .         Spirit   .   (no helmet)
rElec    .         Reflect  .   (no cloak)
rCorr    .         Harm     .   (no gloves)
MR       .....                  (no barding)
Stlth    +.........             (no amulet)
HPRegen  0.09/turn              (no ring)
MPRegen  0.08/turn              (no ring)

@: lethally poisoned (-9 -> -14), very quick
A: large, hooves 3, deformed body, speed 2, tough skin 3
a: no special abilities


You were on level 2 of the Dungeon.
You were not hungry.

You visited 1 branch of the dungeon, and saw 3 of its levels.

You collected 44 gold pieces.

Inventory:

Hand Weapons
 a - a +1 shortbow (weapon)
 b - a +0 short sword
Missiles
 d - 19 arrows (quivered)
 h - 18 poisoned darts
Armour
 c - a +0 leather armour (worn)
 k - a +0 robe of fire resistance
 o - a +1 leather armour of positive energy
Scrolls
 e - 3 scrolls of identify {unknown}
 g - a scroll of teleportation {unknown}
 i - a scroll of remove curse {unknown}
 m - a scroll of fog {unknown}
 n - 2 scrolls of magic mapping {unknown}
Potions
 l - a potion of cancellation
Comestibles
 f - 2 rations


   Skills:
 + Level 2.2 Fighting
 + Level 6.6 Bows
 + Level 1.5 Dodging
 - Level 0.4 Stealth


You had 2 spell levels left.
You didn't know any spells.
Your spell library was empty.

Dungeon Overview and Level Annotations

Branches:
Dungeon (3/15)

Altars:

Annotations:
D:2 Terence


Innate Abilities, Weirdness & Mutations

You have hooves in place of feet.
Armour fits poorly on your strangely shaped body.
You cover ground very quickly.
You have extremely tough skin. (AC +3)


Message History

* * * LOW HITPOINT WARNING * * *
Firing (i - inventory. (/) - cycle)
d - 22 arrows (quivered)
Press: ? - help, Shift-Dir - straight line, f/p - adder
Aim: an adder You shoot an arrow.
The arrow hits the adder.
The adder is lightly wounded.
The adder closely misses you. The worm bites you.
* * * LOW HITPOINT WARNING * * *
Firing (i - inventory. (/) - cycle)
d - 21 arrows (quivered)
Press: ? - help, Shift-Dir - straight line, f/p - adder
Aim: an adder (lightly wounded)
You shoot an arrow. The arrow barely misses the adder.
* * * LOW HITPOINT WARNING * * *
You feel sick. The adder barely misses you.
Firing (i - inventory. (/) - cycle)
d - 20 arrows (quivered)
Press: ? - help, Shift-Dir - straight line, f/p - adder
Aim: an adder (lightly wounded)
You shoot an arrow. The arrow closely misses the adder.
The adder closely misses you. The worm bites you!
You die...

.≈.......##
.≈..≈≈...≈##
≈..≈..≈..≈≈#
≈.⌠≈..≈..≈≈####
..≈⌠.≈...≈≈#..
..≈..≈(.≈≈≈#.#
≈≈..≈.g≈≈≈##.#
....≈.s≈.##..#
....(≈≈rw##@#
.........#wS#
........gwb##
##!......rs#
###########


You could see a worm, an adder, a dart slug, a giant cockroach, a hobgoblin, a
bat and a rat.

Vanquished Creatures
  An ooze (D:1)
  A worm (D:2)
  3 bats (D:2)
  3 giant cockroaches
  4 goblins
  3 hobgoblins (D:1)
  6 jackals
  A ball python (D:2)
  5 frilled lizards
  4 kobolds (D:1)
  4 rats
35 creatures vanquished.

Notes
Turn   | Place    | Note
-------+----------+-------------------------------------------
     0 | D:1      | Fortress the Centaur Hunter began the quest for the Orb.
     0 | D:1      | Reached XP level 1. HP: 17/17 MP: 1/1
    49 | D:1      | Reached XP level 2. HP: 24/24 MP: 2/2
   157 | D:1      | Reached skill level 6 in Bows
   785 | D:1      | Reached XP level 3. HP: 29/29 MP: 3/3
  1047 | D:2      | Noticed Terence
  1198 | D:2      | HP: 1/29 [poisoned by an adder]
  1199 | D:2      | Mangled by a worm

Levels and vault maps discovered:
D:1:      zelgadis_glass_arrival_small, layout_loops_ring,
          minmay_misc_feat_nine_boxes, minivault_5, kennysheep_nondescript,
          item_on_display_a
D:2:      cheibrodos_helix_gallery, layout_basic, minmay_pentomino_pile,
          uniq_crazy_yiuf_cottage, uniq_terence
D:3:      layout_rooms, uniq_grinder, uniq_natasha

Skill      XL: |  1  2 |
---------------+-------+-----
Bows           | 6 |  6.6
Fighting       | |  2.2
Dodging        | |  1.5
Stealth        | |  0.4

Action                   || total
-------------------------++-------
Melee: Short sword       ||    13
       Kick              ||     2
 Fire: Shortbow          ||    95
Throw: Dart              ||     6
  Use: Potion            ||     2
Armor: Leather armour    ||    27
Dodge: Dodged            ||    32
